 Dungeon Crawl Stone Soup version 0.31-a0-202-g547052bce9 (webtiles) character file.

Game seed: 17847047768461857522

2100 qw the Skirmisher (level 9, -9/52 (55) HPs)
             Began as a Deep Elf Hunter on June 26, 2023.
             Was a Believer of Okawaru.
             Mangled by a wight
             ... wielding a +5 great sword of freezing
              (18 damage)
             ... on level 6 of the Dungeon.
             The game lasted 00:02:22 (5507 turns).

qw the Skirmisher (Deep Elf Hunter)                 Turns: 5507, Time: 00:02:23

HP:   -9/52 (55)    AC:  8    Str: 12    XL:     9   Next: 7%
MP:   14/14         EV: 12    Int: 15    God:    Okawaru [**....]
Gold: 167           SH:  0    Dex: 18    Spells: 8/8 levels left

rFire   + . .        Y - +3 shortbow
rCold   . . .        (shield currently unavailable)
rNeg    . . .        j - +1 ring mail
rPois   .            b - +0 helmet
rElec   .            (no cloak)
rCorr   .            (no gloves)
SInv    .            (no boots)
Will    .....        (no amulet)
Stlth   +            m - ring of protection from fire
HPRegen 0.28/turn    (no ring)
MPRegen 0.14/turn

%: no passive effects
@: about to teleport, drained
A: robust 1, shaggy fur 1
a: Renounce Religion, Heroism


You were on level 6 of the Dungeon.
You worshipped Okawaru.
Okawaru was pleased with you.
You visited 2 branches of the dungeon, and saw 8 of its levels.

You collected 257 gold pieces.
You spent 90 gold pieces at shops.


Innate Abilities, Weirdness & Mutations

You are robust. (+10% HP)
You are covered in fur. (AC +1)


   Skills:
 - Level 3.0 Fighting
 + Level 13.9 Ranged Weapons
 - Level 1.7 Armour
 - Level 4.3 Dodging
 - Level 1.2 Stealth
 - Level 4.0 Invocations


You had 8 spell levels left.
You didn't know any spells.
Your spell library was empty.

Inventory:

Hand Weapons
 Y - a +3 shortbow (weapon)
Armour
 b - a +0 helmet (worn)
 j - a +1 ring mail (worn)
Jewellery
 m - a ring of protection from fire (left hand)
Scrolls
 c - a scroll of identify
 g - 2 scrolls of teleportation
Potions
 a - 3 potions of curing
 d - a potion of cancellation
 f - a potion of mutation
 n - a potion of heal wounds

Dungeon Overview and Level Annotations

Branches:
Dungeon (7/15)             Temple (1/1) D:4

Altars:
Ashenzari
Dithmenos
Elyvilon
Fedhas
Hepliaklqana
Kikubaaqudgha
Makhleb
Okawaru
Qazlal
Ru
Trog
Uskayaw
Vehumet
Wu Jian
Xom
Yredelemnul
Zin
The Shining One

Shops:
D:5 :(

Annotations:
D:6 2 runed translucent doors, qw's ghost, novice NaHu


Message History

Could not explore, unopened runed door.
(D) Dungeon (T) Temple
Where to? (* - list waypoints, Enter - D:7, ? - help)
What level of the Dungeon? (default 1, ? - help)
Things that are here:
a +5 hand axe; a +0 robe
There is a stone staircase leading down here.
You climb downwards.
The wight closely misses you.
There is a stone staircase leading up, spattered with blood here.
There are monsters nearby!
You shoot an arrow.
The arrow hits the wight but does no damage.
The wight barely misses you. x2
You shoot an arrow. The arrow barely misses the wight.
The wight barely misses you.
The wight hits you from afar with a +0 trident.
You feel drained.
You shoot an arrow. The arrow closely misses the wight.
The wight barely misses you. The wight closely misses you. x2
The white imp hits you but does no damage.
You shoot an arrow. The arrow hits the wight!
The wight is heavily damaged.
The wight barely misses you.
The white imp hits you but does no damage.
The wight hits you from afar with a +0 trident.
The wight hits you with a +5 great sword of freezing!
The wight freezes you.
5505 ||| STAIRDANCE The wight misses you.
The wight barely misses you. The white imp hits you. The white imp freezes you.
The wight hits you with a +5 great sword of freezing!
The wight freezes you.
You climb upwards.
Level annotation: 2 runed translucent doors, qw's ghost, novice NaHu
There is a stone staircase leading down here.
5507 ||| READING 3 scrolls of teleportation.
As you read the scroll of teleportation, it crumbles to dust.
You feel strangely unstable.
The wight hits you with a +5 great sword of freezing!!
You die...

##.#######
#......##########....
#.......#
#......###.#.####.##.
##)......#
#......#~#../.~##..#.
.........#
#......##.~...#.#####
...../...####......##..#~}.~#
...........|#####.^#~.~.~..#
............#####.#####++###
...............5#z###......#
...#####.[...##.@[.........#
....# #.....#######.....###
....# #.....# ####### ....#
####### ....##### ........##
....###..# ...##}##.#
.#..#_#..#


You could see a wight and a white imp.

Vanquished Creatures
  Maggie (D:6)
  Grinder (D:6)
  Sigmund (D:6)
  A steam dragon (D:6)
  Menkaure (D:6)
  Edmund (D:6)
  A black bear (D:6)
  A phantom (D:5)
  A kobold brigand (D:6)
  A bullfrog (D:6)
  6 wights
  3 howler monkeys
  A jelly (D:4)
  An orc priest (D:3)
  Terence (D:2)
  Natasha (thrice) (D:2)
  4 iguanas (D:6)
  10 gnolls
  7 adders
  A white imp (D:5)
  2 worms (D:5)
  3 dart slugs
  5 orcs
  5 ball pythons
  4 endoplasms
  4 giant cockroaches
  10 goblins
  4 hobgoblins
  2 quokkas
  2 bats
  8 frilled lizards
  11 kobolds
  3 rats
110 creatures vanquished.

Notes
Turn   | Place    | Note
-------+----------+-------------------------------------------
     0 | D:1      | qw the Deep Elf Hunter began the quest for the Orb.
     0 | D:1      | Reached XP level 1. HP: 12/12 MP: 3/3
     0 | D:1      | 0 ||| qw: Version: 0.3-a-22-g0ed2b0b
     0 | D:1      | 0 ||| qw: Game counter: 6291
     0 | D:1      | 0 ||| qw: Melee chars always use a shield: true
     0 | D:1      | 0 ||| qw: God list: Okawaru
     0 | D:1      | 0 ||| qw: Allow faded altars: false
     0 | D:1      | 0 ||| qw: Do Orc after clearing Dungeon:15 true
     0 | D:1      | 0 ||| qw: Do second Lair branch before Depths: true
     0 | D:1      | 0 ||| qw: Lair rune preference: random
     0 | D:1      | 0 ||| qw: Goals: Normal
     0 | D:1      | 0 ||| PLANNING D:1-11
    53 | D:1      | 53 ||| Stepping ~*~*~tactically~*~*~ (outnumbered).
    55 | D:1      | 55 ||| Stepping ~*~*~tactically~*~*~ (outnumbered).
    69 | D:1      | Reached skill level 6 in Ranged Weapons
    69 | D:1      | Reached XP level 2. HP: 6/16 MP: 4/4
    69 | D:1      | 69 ||| FLEEEEING.
    70 | D:1      | 70 ||| FLEEEEING.
    74 | D:1      | 74 ||| FLEEEEING.
    75 | D:1      | 75 ||| FLEEEEING.
    79 | D:1      | 79 ||| FLEEEEING.
    80 | D:1      | 80 ||| FLEEEEING.
    81 | D:1      | 81 ||| FLEEEEING.
    82 | D:1      | 82 ||| FLEEEEING.
    83 | D:1      | 83 ||| FLEEEEING.
    84 | D:1      | 84 ||| FLEEEEING.
    86 | D:1      | 86 ||| FLEEEEING.
    91 | D:1      | 91 ||| FLEEEEING.
    95 | D:1      | 95 ||| FLEEEEING.
    96 | D:1      | 96 ||| FLEEEEING.
    97 | D:1      | 97 ||| FLEEEEING.
    98 | D:1      | 98 ||| FLEEEEING.
    99 | D:1      | 99 ||| FLEEEEING.
   100 | D:1      | 100 ||| FLEEEEING.
   101 | D:1      | 101 ||| FLEEEEING.
   336 | D:1      | Reached XP level 3. HP: 20/20 MP: 5/5
   617 | D:1      | 617 ||| UPGRADING to +0 ring mail.
   627 | D:1      | 627 ||| DROPPING +0 leather armour.
   628 | D:1      | 628 ||| UPGRADING to ring of protection from fire.
   629 | D:1      | 629 ||| READING scroll labelled NUF OSHROMAET.
   630 | D:1      | 630 ||| READING scroll labelled ESAZEIKIEL.
   631 | D:1      | 631 ||| READING scroll labelled JOPOS FYCSO.
   632 | D:1      | 632 ||| READING scroll labelled AZEGGA GIRCHY.
   670 | D:1      | 670 ||| DRINKING 2 bubbling amethyst potions.
   706 | D:1      | 706 ||| DROPPING scroll of butterflies.
   707 | D:1      | 707 ||| DROPPING potion of lignification.
   767 | D:2      | Reached skill level 7 in Ranged Weapons
   811 | D:2      | Noticed Natasha
   816 | D:2      | Killed Natasha
   817 | D:2      | Reached XP level 4. HP: 16/25 MP: 6/6
  1113 | D:2      | Noticed Natasha
  1124 | D:2      | Killed Natasha
  1125 | D:2      | Reached skill level 8 in Ranged Weapons
  1286 | D:2      | Noticed Terence
  1296 | D:2      | Killed Terence
  1297 | D:2      | Reached XP level 5. HP: 13/29 MP: 7/7
  1506 | D:2      | Noticed Natasha
  1510 | D:2      | Killed Natasha
  1561 | D:2      | 1561 ||| READING scroll labelled LIPLYRHUEW.
  1565 | D:2      | 1565 ||| DRINKING 2 lumpy green potions.
  1913 | D:3      | Reached skill level 9 in Ranged Weapons
  1965 | D:3      | 1965 ||| READING 2 scrolls labelled VEOBIO PEISELU.
  1966 | D:3      | 1966 ||| READING scroll of enchant armour.
  1966 | D:3      | 1966 ||| ENCHANTING +0 ring mail.
  1967 | D:3      | 1967 ||| READING scroll labelled LEANEG CA WOO.
  1968 | D:3      | 1968 ||| READING scroll labelled IRHUWU VICVUEFF.
  1969 | D:3      | 1969 ||| READING scroll labelled COLOEM ANNAEN.
  1970 | D:3      | 1970 ||| READING scroll labelled ILLIPR FAERUSAAR.
  1971 | D:3      | 1971 ||| DRINKING 2 amethyst potions.
  2076 | D:3      | 2076 ||| READING 2 scrolls of identify.
  2076 | D:3      | 2076 ||| IDENTIFYING fizzy golden potion
  2077 | D:3      | 2077 ||| DROPPING potion of degeneration.
  2078 | D:3      | 2078 ||| DROPPING potion of berserk rage.
  2283 | D:4      | Reached XP level 6. HP: 27/35 MP: 8/8
  2455 | D:4      | Found a staircase to the Ecumenical Temple.
  2456 | D:4      | 2456 ||| PLANNING TEMPLE
  2805 | D:4      | 2805 ||| UPGRADING to +0 helmet.
  2810 | D:4      | 2810 ||| READING scroll labelled DAJ DI LEOGICK.
  2811 | D:4      | 2811 ||| DRINKING 2 silvery potions.
  2811 | D:4      | Gained mutation: You are covered in fur. (AC +1) [potion of
                  | mutation]
  2811 | D:4      | Gained mutation: You are robust. (+10% HP) [potion of
                  | mutation]
  2833 | D:5      | Entered Level 5 of the Dungeon
  2873 | D:5      | 2873 ||| READING scroll of enchant weapon.
  2873 | D:5      | 2873 ||| ENCHANTING +1 shortbow.
  2946 | D:5      | 2946 ||| FLEEEEING.
  2947 | D:5      | 2947 ||| FLEEEEING.
  2953 | D:5      | 2953 ||| FLEEEEING.
  2954 | D:5      | 2954 ||| FLEEEEING.
  2955 | D:5      | 2955 ||| FLEEEEING.
  2957 | D:5      | 2957 ||| FLEEEEING.
  2958 | D:5      | 2958 ||| FLEEEEING.
  2959 | D:5      | 2959 ||| FLEEEEING.
  2960 | D:5      | 2960 ||| FLEEEEING.
  2963 | D:5      | 2963 ||| FLEEEEING.
  2964 | D:5      | 2964 ||| FLEEEEING.
  2965 | D:5      | 2965 ||| FLEEEEING.
  2966 | D:5      | 2966 ||| FLEEEEING.
  2971 | D:5      | 2971 ||| Stepping ~*~*~tactically~*~*~ (outnumbered).
  2974 | D:5      | Reached skill level 10 in Ranged Weapons
  2991 | D:5      | HP: 5/38 [howler monkey (5)]
  2991 | D:5      | HP: 2/38 [gnoll/+0 spear (3)]
  2992 | D:5      | 2992 ||| READING 4 scrolls of teleportation.
  3185 | D:5      | Found Ciqenos's Book Boutique.
  3243 | D:5      | Found Jeto's Antique Weapon Shop.
  3248 | D:5      | 3248 ||| READING 2 scrolls of identify.
  3248 | D:5      | 3248 ||| IDENTIFYING glowing orange potion
  3249 | D:5      | 3249 ||| DROPPING potion of magic.
  3257 | D:5      | 3257 ||| STAIRDANCE
  3269 | Temple   | Entered the Ecumenical Temple
  3296 | Temple   | 3296 ||| PLANNING OKAWARU WORSHIP
  3394 | Temple   | Became a worshipper of Warmaster Okawaru
  3395 | Temple   | 3395 ||| PLANNING D:1-11
  3620 | D:5      | Reached skill level 3 in Dodging
  3701 | D:5      | Reached skill level 1 in Armour
  3867 | D:5      | Reached XP level 7. HP: 44/44 MP: 9/9
  3991 | D:5      | 3991 ||| READING scroll labelled QIUNKU COETSU.
  4117 | D:6      | Reached skill level 11 in Ranged Weapons
  4118 | D:6      | 4118 ||| FLEEEEING.
  4119 | D:6      | 4119 ||| FLEEEEING.
  4120 | D:6      | 4120 ||| FLEEEEING.
  4121 | D:6      | 4121 ||| FLEEEEING.
  4122 | D:6      | 4122 ||| FLEEEEING.
  4123 | D:6      | 4123 ||| FLEEEEING.
  4124 | D:6      | 4124 ||| FLEEEEING.
  4125 | D:6      | 4125 ||| FLEEEEING.
  4126 | D:6      | 4126 ||| FLEEEEING.
  4127 | D:6      | 4127 ||| FLEEEEING.
  4128 | D:6      | 4128 ||| FLEEEEING.
  4129 | D:6      | 4129 ||| FLEEEEING.
  4130 | D:6      | 4130 ||| FLEEEEING.
  4131 | D:6      | 4131 ||| FLEEEEING.
  4132 | D:6      | 4132 ||| FLEEEEING.
  4133 | D:6      | 4133 ||| FLEEEEING.
  4134 | D:6      | 4134 ||| FLEEEEING.
  4135 | D:6      | 4135 ||| FLEEEEING.
  4136 | D:6      | 4136 ||| FLEEEEING.
  4137 | D:6      | 4137 ||| FLEEEEING.
  4138 | D:6      | 4138 ||| FLEEEEING.
  4139 | D:6      | 4139 ||| FLEEEEING.
  4140 | D:6      | 4140 ||| FLEEEEING.
  4141 | D:6      | 4141 ||| FLEEEEING.
  4142 | D:6      | 4142 ||| FLEEEEING.
  4143 | D:6      | 4143 ||| FLEEEEING.
  4144 | D:6      | 4144 ||| FLEEEEING.
  4145 | D:6      | 4145 ||| FLEEEEING.
  4146 | D:6      | 4146 ||| FLEEEEING.
  4147 | D:6      | 4147 ||| FLEEEEING.
  4148 | D:6      | 4148 ||| FLEEEEING.
  4149 | D:6      | 4149 ||| FLEEEEING.
  4150 | D:6      | 4150 ||| FLEEEEING.
  4151 | D:6      | 4151 ||| FLEEEEING.
  4152 | D:6      | 4152 ||| FLEEEEING.
  4153 | D:6      | 4153 ||| FLEEEEING.
  4154 | D:6      | 4154 ||| FLEEEEING.
  4155 | D:6      | 4155 ||| FLEEEEING.
  4156 | D:6      | 4156 ||| FLEEEEING.
  4157 | D:6      | 4157 ||| FLEEEEING.
  4158 | D:6      | 4158 ||| STAIRDANCE
  4174 | D:5      | 4174 ||| READING 2 scrolls of identify.
  4174 | D:5      | 4174 ||| IDENTIFYING yellow potion
  4182 | D:6      | 4182 ||| STAIRDANCE
  4191 | D:5      | Reached * piety under Okawaru
  4303 | D:6      | Reached skill level 1 in Invocations
  4403 | D:6      | Noticed Menkaure
  4403 | D:6      | Noticed Maggie
  4404 | D:6      | 4404 ||| FLEEEEING.
  4405 | D:6      | 4405 ||| FLEEEEING.
  4406 | D:6      | 4406 ||| FLEEEEING.
  4407 | D:6      | 4407 ||| INVOKING Heroism.
  4413 | D:6      | 4413 ||| Stepping ~*~*~tactically~*~*~ (outnumbered).
  4414 | D:6      | 4414 ||| Stepping ~*~*~tactically~*~*~ (outnumbered).
  4418 | D:6      | Killed Maggie
  4419 | D:6      | Reached skill level 12 in Ranged Weapons
  4419 | D:6      | Reached XP level 8. HP: 18/48 MP: 9/12
  4422 | D:6      | Killed Menkaure
  4423 | D:6      | Reached skill level 3 in Invocations
  4567 | D:6      | Found a white marble altar of Elyvilon.
  4634 | D:6      | Identified the +10 plate armour of the Old and Reckless
                  | {rPois}
  4642 | D:6      | Found a bloodstained altar of Trog.
  4662 | D:6      | 4662 ||| INVOKING Heroism.
  4800 | D:6      | 4800 ||| INVOKING Heroism.
  4803 | D:6      | Reached skill level 3 in Fighting
  4916 | D:6      | Found a large runed translucent door.
  4916 | D:6      | Found a large runed translucent door.
  4918 | D:6      | Noticed qw's ghost (novice NaHu)
  4945 | D:6      | Found Zin's Purification Station.
  4948 | D:6      | Found a glowing silver altar of Zin.
  4951 | D:6      | 4951 ||| BUYING potion of curing (90 gold).
  4951 | D:6      | Bought a potion of curing for 90 gold pieces
  5033 | D:6      | Noticed Grinder
  5033 | D:6      | Noticed Sigmund
  5034 | D:6      | 5034 ||| INVOKING Heroism.
  5035 | D:6      | 5035 ||| Stepping ~*~*~tactically~*~*~ (outnumbered).
  5040 | D:6      | 5040 ||| Stepping ~*~*~tactically~*~*~ (outnumbered).
  5047 | D:6      | Killed Sigmund
  5047 | D:6      | Reached ** piety under Okawaru
  5058 | D:6      | 5058 ||| INVOKING Heroism.
  5060 | D:6      | Killed Grinder
  5061 | D:6      | Reached skill level 13 in Ranged Weapons
  5155 | D:6      | 5155 ||| READING scroll of enchant weapon.
  5155 | D:6      | 5155 ||| ENCHANTING +2 shortbow.
  5164 | D:6      | Noticed Edmund
  5165 | D:6      | 5165 ||| INVOKING Heroism.
  5181 | D:6      | Killed Edmund
  5182 | D:6      | Reached XP level 9. HP: 43/55 MP: 12/14
  5343 | D:6      | 5343 ||| READING 2 scrolls of identify.
  5343 | D:6      | 5343 ||| IDENTIFYING cyan potion
  5358 | D:7      | 5358 ||| STAIRDANCE
  5360 | D:6      | 5360 ||| INVOKING Heroism.
  5505 | D:7      | 5505 ||| STAIRDANCE
  5505 | D:7      | HP: 10/52 [wight/+5 great sword of freezing (16)]
  5507 | D:6      | 5507 ||| READING 3 scrolls of teleportation.
  5507 | D:6      | Mangled by a wight

Levels and vault maps discovered:
D:1:      nicolae_arrival_washed_ashore, layout_basic
D:2:      layout_loops_ring, grunt_decor_clamped, uniq_natasha, uniq_terence
D:3:      layout_rooms
D:4:      layout_loops_ring, minmay_temple_entry_from_below_b, minmay_distorted
D:5:      layout_gridville, serial_shops, shop, nicolae_book_shop_shelving,
          st_stairs_8, nrook_mini_backslash
D:6:      layout_basic, mainiacjoe_overflow_tiny_flanked, lemuel_doored_altar,
          zin_purify, ebering_ghost_disaster_area, nrook_campfire, uniq_grinder,
          uniq_sigmund, uniq_menkaure, uniq_maggie, uniq_edmund
D:7:      minmay_the_grid_square_5x5_3x3 [minmay_the_grid_square_5x5_n_small,
          minmay_the_grid_square_5x5_inner_i,
          minmay_the_grid_square_5x5_checkered_sparse,
          minmay_the_grid_square_5x5_tetrominoes,
          minmay_the_grid_square_5x5_megaprize_open,
          minmay_the_grid_square_5x5_z, minmay_the_grid_square_5x5_eight_small,
          minmay_the_grid_square_5x5_moneybag,
          minmay_the_grid_square_5x5_eight], layout_cave_pools,
          kennysheep_mini_moat
Temple:   nicolae_temple_superstar

Skill      XL: |  1  2  3  4  5  6  7  8 |
---------------+-------------------------+-----
Ranged Weapons | 6 7 8 9 10 12 13 | 13.9
Fighting       | 2 3 |  3.0
Dodging        | 3 4 |  4.3
Armour         | 1 |  1.7
Invocations    | 2 4 |  4.0
Stealth        | |  1.2

Action                     |  1- 3 |  4- 6 |  7- 9 || total
---------------------------+-------+-------+-------++-------
   Fire: Shortbow          |    74 |   223 |   181 ||   478
 Invoke: Heroism           |       |       |     7 ||     7
    Use: Scroll            |     4 |    12 |     5 ||    21
         Potion            |     1 |     3 |       ||     4
 Armour: Leather armour    |     2 |       |       ||     2
         Ring mail         |     6 |    40 |    28 ||    74
  Dodge: Dodged            |    15 |    55 |    67 ||   137

Table legend:
 A = Non-vault XP
 B = Vault XP
 C = Vault XP percentage of total XP
 D = Non-vault monster count
 E = Vault monster count
 F = Vault count percentage of total count
                 A         B        C        D         E       F
            +---------+---------+-------+---------+---------+-------
      Total |    1842 |    1159 |  38.6 |     100 |      10 |   9.1
            +---------+---------+-------+---------+---------+-------
        D:1 |      46 |       0 |   0.0 |      21 |       0 |   0.0
        D:2 |     119 |      73 |  38.0 |      15 |       2 |  11.8
        D:3 |      71 |       0 |   0.0 |      16 |       0 |   0.0
        D:4 |     138 |      14 |   9.2 |      13 |       2 |  13.3
        D:5 |     351 |      11 |   3.0 |      14 |       1 |   6.7
        D:6 |    1047 |    1061 |  50.3 |      20 |       5 |  20.0
        D:7 |      70 |       0 |   0.0 |       1 |       0 |   0.0
            +---------+---------+-------+---------+---------+-------
